 Dungeon Crawl Stone Soup version 0.22.1-6-g1668fe2 (webtiles) character file.

396 Goblin1989 the Chopper (level 6, -2/47 HPs)
             Began as a Demonspawn Gladiator on Jan 22, 2019.
             Was an Initiate of Trog.
             Slain by an iguana (8 damage)
             ... on level 4 of the Dungeon.
             The game lasted 00:05:48 (3000 turns).

Goblin1989 the Chopper (Demonspawn Gladiator)       Turns: 3000, Time: 00:05:49

Health: -2/47      AC: 14    Str: 17    XL:     6   Next: 52%
Magic:  6/6        EV: 11    Int:  9    God:    Trog [......]
Gold:   170        SH:  3    Dex: 14    Spells: 5/5 levels left

rFire    . . .     SeeInvis .   a - +0 war axe
rCold    . . .     Gourm    .   (no shield)
rNeg     . . .     Faith    .   X - +0 scale mail
rPois    .         Spirit   .   c - +0 helmet
rElec    .         Reflect  +   P - +0 cloak (curse)
rCorr    .         Harm     .   V - +2 pair of gloves
MR       ++...                  (no boots)
Stlth    ..........             N - +3 amulet of reflection
HPRegen  0.15/turn              m - ring of protection from magic
MPRegen  0.10/turn              H - ring of protection from magic

@: no status effects
A: hooves 2, icy blue scales 2
a: Renounce Religion


You were on level 4 of the Dungeon.
You worshipped Trog.
Trog was noncommittal.
You were not hungry.

You visited 1 branch of the dungeon, and saw 4 of its levels.

You collected 170 gold pieces.

Inventory:

Hand Weapons
 a - a +0 war axe (weapon)
Missiles
 Z - 2 throwing nets (quivered) {!d , @Q1}
Armour
 c - a +0 helmet (worn)
 P - a cursed +0 cloak (worn)
 V - a +2 pair of gloves (worn)
 X - a +0 scale mail (worn)
Jewellery
 m - a ring of protection from magic (left hand)
 H - a ring of protection from magic (right hand)
 N - a +3 amulet of reflection (around neck)
Wands
 L - a wand of polymorph (25)
Scrolls
 G - a scroll of identify {unknown}
 J - a scroll of amnesia {unknown}
 K - a scroll of immolation {unknown}
 R - a scroll of blinking {unknown}
 S - 2 scrolls of teleportation {unknown}
 T - 2 scrolls of enchant weapon {unknown}
 U - 2 scrolls of remove curse {unknown}
 W - a scroll of magic mapping {unknown}
 Y - 2 scrolls of enchant armour {unknown}
Potions
 D - a potion of invisibility {unknown}
 F - a potion of haste {unknown}
 I - 3 potions of lignification {unknown}
 M - 2 potions of heal wounds {unknown}
 O - a potion of agility {unknown}
 Q - a potion of mutation {unknown}
Comestibles
 e - 6 rations
 E - 7 chunks of flesh


   Skills:
 + Level 3.4 Fighting
 * Level 5.0 Axes
 - Level 1.7 Throwing
 + Level 2.3 Armour
 + Level 3.7 Dodging


You had 5 spell levels left.
You didn't know any spells.
Your spell library was empty.

Dungeon Overview and Level Annotations

Branches:
Dungeon (4/15)
 Temple: D:4-7

Altars:
Makhleb
Trog
Uskayaw
Yredelemnul

Annotations:
D:4 1 runed door, Tr0llz0r's ghost, amateur HOFi


Innate Abilities, Weirdness & Mutations

You have hoof-like feet.
You are mostly covered in icy blue scales. (AC +3)


Message History

The orc priest is almost dead.
Your scale mail prevents you from hitting the adder.
You feel sick. The adder bites you but does no damage.
Tr0llz0r's ghost whispers, "They're coming for you..."
The orc priest hits you but does no damage.
The adder bites you but does no damage.
An orc comes into view.
It is wielding a falchion of holy wrath.
You take 1 damage, and have 43/47 hp.
You hit the orc priest. Your kick misses the orc priest.
The orc priest is almost dead.
You closely miss the adder.
The orc priest mumbles some strange prayers to Beogh against you.
Beogh smites you! The adder bites you but does no damage.
An orc comes into view.
You take 11 damage, and have 32/47 hp.
MASSIVE DAMAGE!!
You hit the orc priest.
The orc priest is almost dead.
You closely miss the adder.
You feel sick. The adder bites you but does no damage.
The orc priest barely misses you. The adder bites you but does no damage.
You take 1 damage, and have 31/47 hp.
Unknown command.
You slash the orc priest!
You kill the orc priest!
Trog accepts your kill.
You closely miss the adder. The adder bites you but does no damage.
Unknown command.
You feel sick. The adder bites you. The adder bites you but does no damage.
Things that are here:
a dagger; an orc corpse You take 3 damage, and have 28/47 hp.
Unknown command.
The adder bites you but does no damage. You block the adder's attack.
You feel sick.
Unknown command.
Unknown command.
A frilled lizard comes into view.
The frilled lizard hisses angrily.
The adder barely misses you. The adder closely misses you.
You feel sick.
You take 1 damage, and have 27/47 hp.
The adder barely misses you.
You feel sick.
You are no longer poisoned.
You take 1 damage, and have 27/47 hp.
The adder bites you but does no damage.
You hit the adder. You kick the adder.
The adder is moderately wounded.
You block the adder's attack.
You are too injured to fight recklessly!
You are too injured to fight recklessly!
You are too injured to fight recklessly!
You are too injured to fight recklessly!
You are too injured to fight recklessly!
You are too injured to fight recklessly!
You are too injured to fight recklessly!
You are too injured to fight recklessly!
You are too injured to fight recklessly!
You are too injured to fight recklessly!
You are too injured to fight recklessly!
You are too injured to fight recklessly!
You are too injured to fight recklessly!
You miss the adder.
The adder is moderately wounded.
The adder closely misses you. The adder barely misses you.
You hit the adder. Your kick misses the adder.
The adder is almost dead.
You block the adder's attack. The adder bites you but does no damage.
You slash the adder!
You kill the adder!
Trog accepts your kill.
You barely miss the orc. Your kick misses the orc. The orc closely misses you.
You barely miss the orc. You kick the orc, but do no damage.
The orc hits you with a falchion of holy wrath.
You convulse!
* * * LOW HITPOINT WARNING * * *
The orc hits you but does no damage.
You take 13 damage, and have 15/47 hp.
MASSIVE DAMAGE!!
You closely miss the orc. Your kick misses the orc. The orc barely misses you.
You barely miss the orc. You kick the orc, but do no damage.
The orc hits you but does no damage.
You slash the orc!
You kill the orc!
Trog accepts your kill.
You slash the orc!
You kill the orc!
Trog accepts your kill.
Your Axes skill increases to level 5!
Unknown command.
You slash the iguana! Your kick misses the iguana.
The iguana is heavily wounded.
The iguana bites you!
* * * LOW HITPOINT WARNING * * *
You take 10 damage, and have 6/47 hp.
MASSIVE DAMAGE!!
You hit the iguana.
The iguana is almost dead.
The iguana bites you!
You die...

█.█████████ ██.█
..........████.. █ ██.....██.█
█. ██..███..█.█ ..██..██Ψ██...█
█...█ █o█.o██...██ol█ █...█
█.█.██..(..██o█ █...█
████..o█Ψ..♣..W▲l█ █...███ ██
.....█.██..%..██@█ █..... .█
.....█..██...██..███...█████.███
.........██Ψ██.................
..........███.................██
.....██.█......(...............
.....██....████.██.█...█.███.█
.....█ ██.......██<█.........█
████.█████.███████.█...█.█████
████.......█ █.█...█<█


You could see an iguana, Tr0llz0r's ghost, 2 orcs and a frilled lizard.

Vanquished Creatures
  An ogre (D:4)
  A scorpion (D:4)
  A howler monkey (D:4)
  A hound (D:2)
  An orc priest (D:4)
  An iguana (D:4)
  An orc wizard (D:4)
  A worker ant (D:4)
  6 adders
  A worm (D:2)
  2 leopard geckos (D:2)
  5 orcs
  4 goblins
  2 hobgoblins
  5 jackals (D:4)
  A quokka (D:4)
  2 bats
  A frilled lizard (D:4)
  6 kobolds
  6 rats
49 creatures vanquished.

Notes
Turn   | Place    | Note
-------+----------+-------------------------------------------
     0 | D:1      | Goblin1989 the Demonspawn Gladiator began the quest for the
                  | Orb.
     0 | D:1      | Reached XP level 1. HP: 16/16 MP: 1/1
    50 | D:1      | Reached skill level 3 in Axes
   404 | D:1      | Gained mutation: You are partially covered in icy blue
                  | scales. (AC +2) [demonic ancestry]
   404 | D:1      | Reached XP level 2. HP: 20/22 MP: 2/2
   829 | D:2      | Found a bloodstained altar of Trog.
   856 | D:2      | Became a worshipper of Trog the Wrathful
  1216 | D:2      | Found a basalt altar of Yredelemnul.
  1226 | D:2      | Gained mutation: You have large cloven feet. [demonic
                  | ancestry]
  1226 | D:2      | Reached XP level 3. HP: 21/27 MP: 3/3
  1411 | D:2      | Found a burning altar of Makhleb.
  1474 | D:2      | Reached skill level 1 in Armour
  1474 | D:2      | Gained mutation: You have hoof-like feet. [demonic
                  | ancestry]
  1474 | D:2      | Reached XP level 4. HP: 33/34 MP: 4/4
  1997 | D:3      | Noticed a dagger
  1998 | D:3      | Noticed a dagger
  2000 | D:3      | Found a hide-covered altar of Uskayaw.
  2154 | D:3      | Reached skill level 4 in Axes
  2425 | D:4      | Gained mutation: You are mostly covered in icy blue scales.
                  | (AC +3) [demonic ancestry]
  2425 | D:4      | Reached XP level 5. HP: 32/40 MP: 5/5
  2605 | D:4      | Found a runed door.
  2610 | D:4      | Noticed Tr0llz0r's ghost (amateur HOFi)
  2675 | D:4      | Noticed an ogre
  2683 | D:4      | Killed an ogre
  2683 | D:4      | Reached XP level 6. HP: 21/47 MP: 6/6
  2998 | D:4      | Reached skill level 5 in Axes
  3000 | D:4      | Slain by an iguana

Skill      XL: |  1  2  3  4  5  6 |
---------------+-------------------+-----
Axes           | 3 4 5 |  5.0
Dodging        | 3 |  3.7
Armour         | 1 2 |  2.3
Fighting       | 3 |  3.4
Throwing       | |  1.7

Action                   |  1- 3 |  4- 6 || total
-------------------------+-------+-------++-------
Melee: War axe           |    71 |    92 ||   163
       Kick              |     3 |    28 ||    31
Throw: Throwing net      |       |     1 ||     1
 Stab: Distracted        |       |     1 ||     1
  Eat: Chunk             |     2 |     5 ||     7
Armor: Leather armour    |     4 |       ||     4
       Scale mail        |    25 |    54 ||    79
Dodge: Dodged            |    40 |    51 ||    91
Block: Other             |       |    10 ||    10

Vault maps used:
D:1:      sevenhm_arrival_forest_fort_large_4
D:2:      marbit_many_paths, makhleb_blood_cavern_becter, first_ration,
          minivault_25, trog_butcher_becter
D:3:      dancing_weapons_uskayaw
D:4:      nicolae_overflow_crystal_walls, hellmonk_ghost_happy_afterlife
